 Dungeon Crawl Stone Soup version 0.31-a0-743-g45f7035092 (console) character file.

Game seed: 8131695173832566684

782 jejorda2 the Chopper (level 7, -4/60 HPs)
             Began as a Gnoll Berserker on Sept 13, 2023.
             Was a Priest of Trog.
             Slain by a gnoll bouda
             ... wielding a +0 club
              (8 damage)
             ... on level 6 of the Dungeon.
             The game lasted 00:05:27 (2349 turns).

jejorda2 the Chopper (Gnoll Berserker)              Turns: 2349, Time: 00:05:28

Health: -4/60      AC: 14    Str: 17 (18) XL:     7   Next: 86%
Magic:  11/11      EV:  6    Int:  4 (6)  God:    Trog [***...]
Gold:   264        SH:  0    Dex: 11 (12) Spells: 11/11 levels left

rFire   . . .        a - +0 war axe
rCold   . . .        (no shield)
rNeg    . . .        n - +0 plate armour
rPois   .            j - +0 helmet
rElec   .            (no cloak)
rCorr   .            (no gloves)
SInv    .            e - +0 pair of boots
Will    .....        u - amulet of the acrobat Stlth
                     (no ring)
HPRegen 0.30/turn    (no ring)
MPRegen 0.12/turn

%: acrobat
@: on berserk cooldown
A: fangs 1, strong nose, distributed training
a: Renounce Religion, Berserk, Trog's Hand


You were on level 6 of the Dungeon.
You worshipped Trog.
Trog was most pleased with you.
You visited 1 branch of the dungeon, and saw 5 of its levels.

You collected 264 gold pieces.

Inventory:

Hand Weapons
 a - a +0 war axe (weapon)
 b - a +0 whip of electrocution
Missiles
 s - a throwing net
 v - 3 poisoned darts
Armour
 e - a +0 pair of boots (worn)
 j - a +0 helmet (worn)
 n - a +0 plate armour (worn)
Jewellery
 u - an amulet of the acrobat (around neck)
Scrolls
 c - 6 scrolls of identify {unknown}
 d - a scroll of torment {unknown}
 g - a scroll of fear {unknown}
 h - a scroll of acquirement {unknown}
 p - a scroll of poison {unknown}
 r - a scroll of fog {unknown}
Potions
 k - a potion of degeneration
 o - a potion of ambrosia
 q - a potion of curing {unknown}
 t - a potion of mutation {unknown}


   Skills:
 + Level 7.2 Fighting
 + Level 2.8 Short Blades
 + Level 2.8 Long Blades
 + Level 7.2 Axes
 + Level 2.8 Maces & Flails
 + Level 2.8 Polearms
 + Level 2.8 Staves
 + Level 2.8 Ranged Weapons
 + Level 2.8 Throwing
 + Level 5.4 Armour
 + Level 5.4 Dodging
 + Level 2.8 Stealth
 + Level 2.8 Shields
 + Level 2.8 Unarmed Combat
 + Level 2.8 Spellcasting
 + Level 2.3 Conjurations
 + Level 2.3 Hexes
 + Level 2.3 Summonings
 + Level 2.3 Necromancy
 + Level 2.3 Translocations
 + Level 2.3 Transmutations
 + Level 2.3 Fire Magic
 + Level 2.3 Ice Magic
 + Level 2.3 Air Magic
 + Level 2.3 Earth Magic
 + Level 2.3 Poison Magic
 + Level 3.1 Invocations
 + Level 2.8 Evocations
 + Level 2.5 Shapeshifting


You had 11 spell levels left.
You didn't know any spells.
Your spell library was empty.

Dungeon Overview and Level Annotations

Branches:
Dungeon (4/15)
 Temple: D:4-7

Altars:
Hepliaklqana


Innate Abilities, Weirdness & Mutations

You have very sharp teeth.
Your uncanny sense of smell can sniff out nearby items.
Your experience applies equally to all skills.


Message History

The phantom hits you but does no damage.
The orc hits you but does no damage.
You feel less attractive to monsters.
Unknown command.
Unknown command.
Unknown command.
Unknown command.
It was a potion of ambrosia.
You are confused.
You feel invigorated.
The gnoll is no longer moving quickly.
The gnoll hits you but does no damage. The ice beast completely misses you.
The gnoll bouda hits you but does no damage.
The phantom hits you but does no damage.
The gnoll barely misses you. The orc hits you but does no damage.
Unknown command.
Unknown command.
Unknown command.
You closely miss the gnoll.
The gnoll is heavily wounded.
You miss the ice beast. You closely miss the phantom.
You hit the gnoll bouda but do no damage.
You hit the orc. You hit the gnoll but do no damage.
The gnoll is no longer moving quickly.
The gnoll hits you with a +0 halberd!
* * * LOW HITPOINT WARNING * * *
The ice beast hits you but does no damage.
The gnoll bouda barks out a call to the hunt!
The gnolls pick up the pace!
The phantom hits you but does no damage.
The gnoll hits you but does no damage. The orc hits you but does no damage.
Unknown command.
Unknown command.
You hit the phantom but do no damage. You miss the orc.
You closely miss the gnoll. You hit the gnoll. You closely miss the ice beast.
You slash the gnoll bouda!
You feel less invigorated.
You feel less confused. The gnoll hits you but does no damage.
The ice beast hits you.
* * * LOW HITPOINT WARNING * * *
The ice beast freezes you.
* * * LOW HITPOINT WARNING * * *
The gnoll bouda hits you with a +0 club!
You die...

##..........###
#..##.......# #.
###).####....## #..
#.).## ###.....
#...##.).### #....
.......))...####......
.........)............
....##.....g......#..
... ##...o@W...# ..
#...gYg.##..# /
........o.##
.......##... ....)....
#.... ......... ......
......... ......
.....## ...... ....
.....


You could see an ice beast, a phantom, a gnoll bouda, 2 gnolls and 2 orcs.

Vanquished Creatures
  Grinder (D:3)
  A steam dragon (D:6)
  A phantom (D:4)
  3 wights (D:6)
  An orc priest (D:3)
  A hound (D:4)
  A gnoll (D:6)
  3 adders
  An ufetubus (D:4)
  A worm (D:3)
  3 dart slugs (D:2)
  12 orcs
  3 ball pythons
  9 bats
  5 endoplasms
  3 giant cockroaches
  9 goblins
  6 hobgoblins
  2 jackals (D:1)
  5 kobolds
  8 quokkas
  4 frilled lizards
  4 rats
87 creatures vanquished.

Notes
Turn   | Place    | Note
-------+----------+-------------------------------------------
     0 | D:1      | jejorda2 the Gnoll Berserker began the quest for the Orb.
     0 | D:1      | Reached XP level 1. HP: 23/23 MP: 1/1
    77 | D:1      | Reached XP level 2. HP: 22/29 MP: 2/2
   467 | D:1      | Reached XP level 3. HP: 35/35 MP: 3/3
   647 | D:1      | Reached ** piety under Trog
   794 | D:2      | Reached skill level 1 in Invocations
   913 | D:2      | Reached skill level 1 in Short Blades
   913 | D:2      | Reached skill level 1 in Long Blades
   913 | D:2      | Reached skill level 1 in Maces & Flails
   913 | D:2      | Reached skill level 1 in Polearms
   913 | D:2      | Reached skill level 1 in Staves
   913 | D:2      | Reached skill level 1 in Ranged Weapons
   913 | D:2      | Reached skill level 1 in Throwing
   913 | D:2      | Reached skill level 1 in Stealth
   913 | D:2      | Reached skill level 1 in Shields
   913 | D:2      | Reached skill level 1 in Unarmed Combat
   913 | D:2      | Reached skill level 1 in Spellcasting
   913 | D:2      | Reached skill level 1 in Evocations
  1064 | D:2      | Reached XP level 4. HP: 41/41 MP: 5/5
  1069 | D:2      | Reached skill level 1 in Shapeshifting
  1324 | D:3      | Reached skill level 1 in Conjurations
  1324 | D:3      | Reached skill level 1 in Hexes
  1324 | D:3      | Reached skill level 1 in Summonings
  1324 | D:3      | Reached skill level 1 in Necromancy
  1324 | D:3      | Reached skill level 1 in Translocations
  1324 | D:3      | Reached skill level 1 in Transmutations
  1324 | D:3      | Reached skill level 1 in Fire Magic
  1324 | D:3      | Reached skill level 1 in Ice Magic
  1324 | D:3      | Reached skill level 1 in Air Magic
  1324 | D:3      | Reached skill level 1 in Earth Magic
  1324 | D:3      | Reached skill level 1 in Poison Magic
  1371 | D:3      | Found a hazy altar of Hepliaklqana.
  1435 | D:3      | Noticed Grinder
  1436 | D:3      | Paralysed by Grinder for 3 turns
  1445 | D:3      | Killed Grinder
  1446 | D:3      | Reached skill level 5 in Armour
  1446 | D:3      | Reached skill level 5 in Dodging
  1446 | D:3      | Reached XP level 5. HP: 47/47 MP: 5/8
  1446 | D:3      | Reached XP level 6. HP: 53/53 MP: 5/9
  2049 | D:4      | Reached *** piety under Trog
  2083 | D:4      | Reached XP level 7. HP: 57/59 MP: 10/10
  2259 | D:4      | You fall into a shaft and drop 2 floors!
  2318 | D:6      | Noticed a steam dragon
  2327 | D:6      | Killed a steam dragon
  2341 | D:6      | HP: 3/60 [ice beast (11)]
  2346 | D:6      | HP: 1/60 [gnoll bouda/+0 club (3)]
  2349 | D:6      | Slain by a gnoll bouda

Illustrated notes

Levels and vault maps discovered:
D:1:      dpeg_arrival_concentric_ovals, layout_basic
D:2:      layout_basic, fountainhead
D:3:      layout_rooms, nicolae_hepliaklqana_hazy_memory,
          minmay_misc_feat_plants, uniq_grinder
D:4:      layout_basic, guppyfry_early_orc_mine
D:6:      layout_cave_pools, amcnicky_altar_gilded

Skill      XL: |  1  2  3  4  5  6  7 |
---------------+----------------------+-----
Invocations    | 1 2 3 |  3.1
Short Blades   | 1 2 |  2.8
Long Blades    | 1 2 |  2.8
Maces & Flails | 1 2 |  2.8
Polearms       | 1 2 |  2.8
Staves         | 1 2 |  2.8
Ranged Weapons | 1 2 |  2.8
Throwing       | 1 2 |  2.8
Stealth        | 1 2 |  2.8
Shields        | 1 2 |  2.8
Unarmed Combat | 1 2 |  2.8
Spellcasting   | 1 2 |  2.8
Evocations     | 1 2 |  2.8
Shapeshifting  | 1 2 |  2.5
Conjurations   | 1 2 |  2.3
Hexes          | 1 2 |  2.3
Summonings     | 1 2 |  2.3
Necromancy     | 1 2 |  2.3
Translocations | 1 2 |  2.3
Transmutations | 1 2 |  2.3
Fire Magic     | 1 2 |  2.3
Ice Magic      | 1 2 |  2.3
Air Magic      | 1 2 |  2.3
Earth Magic    | 1 2 |  2.3
Poison Magic   | 1 2 |  2.3
Armour         | 5 |  5.4
Dodging        | 5 |  5.4
Fighting       | 7 |  7.2
Axes           | 7 |  7.2

Action                     |  1- 3 |  4- 6 |  7- 9 || total
---------------------------+-------+-------+-------++-------
  Melee: Hand axe          |    85 |    89 |       ||   174
         Bite              |    10 |     5 |     5 ||    20
         Punch             |     2 |     1 |     2 ||     5
         War axe           |       |     4 |    54 ||    58
 Invoke: Berserk           |     1 |     2 |     2 ||     5
         Trog's Hand       |       |       |     1 ||     1
    Use: Potion            |       |       |     7 ||     7
 Armour: Animal skin       |    33 |     5 |       ||    38
         Plate armour      |       |    57 |   125 ||   182
  Dodge: Dodged            |    49 |    40 |    50 ||   139

Table legend: (Time is in decaauts)
 A = Elapsed time spent in this place.
 B = Non-inter-level travel time spent in this place.
 C = Inter-level travel time spent in this place.
 D = Time resting spent in this place.
 E = Time spent auto-exploring this place.
 F = Levels seen in this place.
 G = Mean time per level.
                   A        B        C        D        E       F      G
               +--------+--------+--------+--------+--------+-----+--------+
         Total |   2384 |   2322 |     62 |    190 |   1565 |   5 |  476.8 |
       Dungeon |   2384 |   2322 |     62 |    190 |   1565 |   5 |  476.8 |
               +--------+--------+--------+--------+--------+-----+--------+

Top non-repeatable levels by time:
     D:1: 748 daAuts
     D:3: 664 daAuts
     D:2: 458 daAuts
     D:4: 413 daAuts
     D:6: 100 daAuts
